 Dungeon Crawl Stone Soup version 0.31.0-11-ge490571c62 (webtiles) character file.

Game seed: 4673786185954251937

75 qw the Shooter (level 4, -3/25 HPs)
             Began as a Deep Elf Hunter on Feb 5, 2024.
             Slain by a gnoll
             ... wielding a +0 halberd
              (10 damage)
             ... on level 3 of the Dungeon.
             The game lasted 00:00:37 (1990 turns).

qw the Shooter (Deep Elf Hunter)                    Turns: 1990, Time: 00:00:37

Health: -3/25      AC:  3    Str: 10    XL:     4   Next: 11%
Magic:  6/6        EV: 12    Int: 14    God:
Gold:   50         SH:  0    Dex: 18    Spells: 3/3 levels left

rFire   + . .        a - +0 shortbow
rCold   . . .        (shield currently unavailable)
rNeg    . . .        c - +0 leather armour
rPois   .            (no helmet)
rElec   .            (no cloak)
rCorr   .            (no gloves)
SInv    .            (no boots)
Will    .....        (no amulet)
Stlth   ++           h - ring of protection from fire
HPRegen 0.24/turn    (no ring)
MPRegen 0.10/turn

%: no passive effects
@: no status effects
A: no striking features
a: no special abilities


You were on level 3 of the Dungeon.
You visited 1 branch of the dungeon, and saw 3 of its levels.

You collected 167 gold pieces.
You spent 117 gold pieces at shops.


   Skills:
 - Level 1.5 Fighting
 + Level 7.5 Ranged Weapons
 - Level 2.4 Dodging
 - Level 1.2 Stealth


You had 3 spell levels left.
You didn't know any spells.
Your spell library was empty.

Inventory:

Hand Weapons
 a - a +0 shortbow (weapon)
Armour
 c - a +0 leather armour (worn)
Jewellery
 h - a ring of protection from fire (left hand)
Wands
 b - a wand of polymorph (4)
Scrolls
 e - a scroll of identify
 g - a scroll of enchant armour
Potions
 d - 3 potions of resistance
 j - 4 potions of curing

Dungeon Overview and Level Annotations

Branches:
Dungeon (3/15)

Altars:

Shops:
D:3 [!


Message History

You hear a shout!
A gnoll comes into view. It is wielding a +0 halberd.
You shoot an arrow. The arrow hits the gnoll.
The gnoll is lightly wounded.
You shoot an arrow. The arrow hits the gnoll.
The gnoll is heavily wounded.
You shoot an arrow.
The arrow hits the gnoll but does no damage.
The gnoll is heavily wounded.
The gnoll hits you from afar with a +0 halberd.
You shoot an arrow. The arrow closely misses the gnoll.
The arrow hits the gnoll!
The gnoll is severely wounded.
The gnoll hits you from afar with a +0 halberd.
You shoot an arrow. The arrow barely misses the gnoll.
The gnoll barely misses you.
An adder comes into view.
The gnoll barely misses you.
You shoot an arrow. The adder hisses angrily.
The arrow hits the gnoll.
The gnoll is almost dead.
The gnoll barely misses you.
The gnoll hits you from afar with a +0 spear.
You shoot an arrow. The arrow closely misses the gnoll.
The gnoll hits you from afar with a +0 spear.
The gnoll hits you but does no damage.
You shoot an arrow. The arrow hits the gnoll.
You kill the gnoll!
The gnoll closely misses you.
You have reached level 4!
You feel clever.
You shoot an arrow. The arrow closely misses the gnoll.
The gnoll barely misses you. The gnoll completely misses you.
You shoot an arrow.
The arrow hits the gnoll but does no damage.
The gnoll is heavily wounded.
The gnoll hits you from afar with a +0 halberd.
The gnoll barely misses you. x2
The gnoll hits you from afar with a +0 halberd!
You die...

.# #.# #########.###
#...........##
#.............
#...........#
##..\...#.#.#
...####......#.#.####
.......@...........>#
.######......#.#.##.#
#gg....#.# #
#S.....#.#
..).....#.#
........#.#
........#.#
........#.# #.#


You could see 2 gnolls and an adder.

Vanquished Creatures
  2 gnolls (D:3)
  An adder (D:2)
  A ribbon worm (D:2)
  A dart slug (D:1)
  2 bats
  3 endoplasms
  3 giant cockroaches
  3 goblins
  6 hobgoblins
  4 jackals (D:1)
  A kobold (D:2)
  A quokka (D:1)
  2 ball pythons
  A frilled lizard (D:1)
  6 rats
37 creatures vanquished.

Notes
Turn   | Place    | Note
-------+----------+-------------------------------------------
     0 | D:1      | qw the Deep Elf Hunter began the quest for the Orb.
     0 | D:1      | Reached XP level 1. HP: 12/12 MP: 3/3
     0 | D:1      | 0 ||| qw: Version: 0.3-a-160-g6735b56
     0 | D:1      | 0 ||| qw: Game counter: 6437
     0 | D:1      | 0 ||| qw: Melee chars always use a shield: true
     0 | D:1      | 0 ||| qw: God list: Okawaru
     0 | D:1      | 0 ||| qw: Allow faded altars: false
     0 | D:1      | 0 ||| qw: Do Orc after clearing Dungeon:15 true
     0 | D:1      | 0 ||| qw: Do second Lair branch before Depths: true
     0 | D:1      | 0 ||| qw: Lair rune preference: random
     0 | D:1      | 0 ||| qw: Goals: Normal
     0 | D:1      | 0 ||| PLANNING D:1-11
   143 | D:1      | Reached skill level 6 in Ranged Weapons
   143 | D:1      | Reached XP level 2. HP: 16/16 MP: 4/4
   616 | D:1      | 616 ||| DROPPING scarf of shadows.
   617 | D:1      | 617 ||| READING scroll labelled LUANWEFUVA.
   617 | D:1      | 617 ||| ENCHANTING +0 shortbow.
   618 | D:1      | 618 ||| READING scroll labelled ENKIXA SISU.
   619 | D:1      | 619 ||| READING scroll labelled BAANO YSAPT.
   619 | D:1      | 619 ||| IDENTIFYING cyan potion
   620 | D:1      | 620 ||| DRINKING 2 smoky grey potions.
   621 | D:1      | 621 ||| DROPPING scroll of butterflies.
   622 | D:1      | 622 ||| DROPPING potion of magic.
   702 | D:2      | Reached XP level 3. HP: 12/20 MP: 5/5
  1115 | D:2      | Reached skill level 7 in Ranged Weapons
  1582 | D:2      | 1582 ||| UPGRADING to ring of protection from fire.
  1583 | D:2      | 1583 ||| READING 3 scrolls of identify.
  1583 | D:2      | 1583 ||| IDENTIFYING fuming emerald potion
  1584 | D:2      | 1584 ||| READING 2 scrolls of identify.
  1584 | D:2      | 1584 ||| IDENTIFYING scroll labelled YFORPH FIYGH
  1585 | D:2      | 1585 ||| READING scroll of identify.
  1585 | D:2      | 1585 ||| IDENTIFYING scroll labelled CYUKHO DOG ALA
  1586 | D:2      | 1586 ||| DROPPING scroll of immolation.
  1587 | D:2      | 1587 ||| DROPPING scroll of torment.
  1785 | D:3      | Found Qalezaceo's Distillery.
  1794 | D:3      | 1794 ||| BUYING 2 potions of curing (78 gold).
  1794 | D:3      | Bought 2 potions of curing for 78 gold pieces
  1794 | D:3      | 1794 ||| BUYING potion of curing (39 gold).
  1794 | D:3      | Bought a potion of curing for 39 gold pieces
  1794 | D:3      | 1794 ||| SHOPLISTING potion of haste (130 gold, have 50).
  1794 | D:3      | 1794 ||| SHOPLISTING potion of mutation (104 gold, have
                  | 50).
  1965 | D:3      | Found Okuom's Armour Shop.
  1972 | D:3      | 1972 ||| SHOPLISTING +1 robe of the Lizard {rF+ Str+4} (337
                  | gold, have 50).
  1972 | D:3      | 1972 ||| SHOPLISTING +2 leather armour of fire resistance
                  | (228 gold, have 50).
  1989 | D:3      | Reached XP level 4. HP: 10/25 MP: 6/6
  1990 | D:3      | Slain by a gnoll

Levels and vault maps discovered:
D:1:      giann_horns, layout_basic
D:2:      layout_loops_corners
D:3:      layout_basic, makhleb_altar_promises_db, serial_shops,
          nicolae_shop_industrial_runoff, shop, shop, shop,
          gammafunk_ghost_necromancy, st_stairs_10, grunt_decor_resistance

Skill      XL: |  1  2  3 |
---------------+----------+-----
Ranged Weapons | 6 7 |  7.5
Fighting       | |  1.5
Dodging        | |  2.4
Stealth        | |  1.2

Action                     |  1- 3 |  4- 6 || total
---------------------------+-------+-------++-------
   Fire: Shortbow          |   127 |     2 ||   129
    Use: Scroll            |     6 |       ||     6
         Potion            |     1 |       ||     1
 Armour: Leather armour    |    34 |     2 ||    36
  Dodge: Dodged            |    38 |     4 ||    42

Table legend:
 A = Non-vault XP
 B = Vault XP
 C = Vault XP percentage of total XP
 D = Non-vault monster count
 E = Vault monster count
 F = Vault count percentage of total count
                 A         B        C        D         E       F
            +---------+---------+-------+---------+---------+-------
      Total |     108 |       0 |   0.0 |      37 |       0 |   0.0
            +---------+---------+-------+---------+---------+-------
        D:1 |      29 |       0 |   0.0 |      15 |       0 |   0.0
        D:2 |      46 |       0 |   0.0 |      18 |       0 |   0.0
        D:3 |      33 |       0 |   0.0 |       4 |       0 |   0.0
            +---------+---------+-------+---------+---------+-------
